 Dungeon Crawl Stone Soup version 0.30-a0-509-gd016549fea (webtiles) character file.

Game seed: 11697167153504721332

84 kae the Firebug (level 4, -2/24 HPs)
             Began as a Tengu Fire Elementalist on Dec 22, 2022.
             Slain by an iron imp (11 damage)
             ... on level 3 of the Dungeon.
             The game lasted 00:01:26 (2416 turns).

kae the Firebug (Tengu Fire Elementalist)           Turns: 2416, Time: 00:01:27

Health: -2/24      AC:  2    Str:  6 (8)  XL:     4   Next: 45%
Magic:  0/9        EV: 12    Int: 16 (18) God:
Gold:   201        SH:  0    Dex:  9 (12) Spells: 2/8 levels left

rFire   . . .      SeeInvis .    c - staff of conjuration {!a}
rCold   . . .      Faith    .    (no shield)
rNeg    . . .      Spirit   .    a - +0 robe
rPois   .          Reflect  .    (helmet restricted)
rElec   .          Harm     .    (no cloak)
rCorr   .          Rampage  .    (no gloves)
Will    .....                    (boots unavailable)
Stlth   ++........               (no amulet)
HPRegen 0.24/turn                (no ring)
MPRegen 0.11/turn                (no ring)

@: hasted, very quick
A: beak, talons 3, clumsy 1, high MP 1
a: no special abilities


You were on level 3 of the Dungeon.
You visited 1 branch of the dungeon, and saw 3 of its levels.

You collected 201 gold pieces.


Innate Abilities, Weirdness & Mutations

You have a beak for a mouth.
You have claws for feet.
You are clumsy. (Dex -2)
You have an increased reservoir of magic. (+10% MP)


   Skills:
 - Level 2.1 Dodging
 - Level 2.0 Stealth
 + Level 2.5 Spellcasting
 * Level 3.6 Conjurations
 * Level 4.3 Fire Magic


You had 2 spell levels left.
You knew the following spells:

 Your Spells              Type           Power      Damage    Failure   Level
a - Foxfire               Conj/Fire      88%        2x1d8     3%          1
b - Scorch                Fire           32%        2d6       4%          2
c - Inner Flame           Hex/Fire       9%         N/A       24%         3

Your spell library contained the following spells:

 Spells                   Type           Power      Damage    Failure   Level
 Freeze                   Ice            8%         1d3       21%         1
 Cigotuvi's Dreadful Rot  Necr/Pois/Air  4%         N/A       30%         2
 Hailstorm                Conj/Ice       11%        3d5       28%         3
 Kindle Blastsparks       Fire/Tloc/Air  12%        2d11      32%         3
 Flame Wave               Conj/Fire      22%        2d8       36%         4
 Frozen Ramparts          Ice            4%         1d1       52%         3
 Dispel Undead            Necr           2%         3d7       89%         4
 Death Channel            Necr           1%         N/A       100%        6

Inventory:

Missiles
 f - 18 stones
Armour
 a - a +0 robe (worn)
Magical Staves
 c - a staff of conjuration (weapon) {!a}
   (You found it on level 1 of the Dungeon)
Jewellery
 F - a ring of fire
   (You found it on level 2 of the Dungeon)
Scrolls
 b - a scroll of blinking {unknown}
 e - 2 scrolls of teleportation {@r4}
 g - a scroll of poison {unknown}
 i - a scroll of magic mapping {unknown}
Potions
 d - a potion of mutation {!q}

Dungeon Overview and Level Annotations

Branches:
Dungeon (3/15) Zot: 15583

Altars:
Cheibriados
Dithmenos
Wu Jian

####.# ####### ######.#
#.....# #...##.# #.....#
###########......#
#......
...$......#...####
#...... ...######.##.##
#.....> ...##
#.##.#########.##. ...#
#5##.##........##. ...
#@v.)...##........ ..
#v##.##.##.......# _
#.##.##.##.##..#.# ..
#.#.......##.#......
....#.#.#####......<##..
.###......###.#....[....
.#####........#......##.
.###....#..##.#....#.##.
##.###.#..##.####.#.##.


You could see an iron imp (ally target).


Message History

You lost 1 mp, and now have 6/9 mp.
Casting: Foxfire (safe; 3% risk of failure)
Confirm with . or Enter, or press ? or * to list all spells.
You feel a surge of power!
You conjure some foxfire!
The foxfire hits the iron imp but does no damage. 😎 MP[-1]
You lost 1 mp, and now have 5/9 mp.
Casting: Foxfire (safe; 3% risk of failure)
Confirm with . or Enter, or press ? or * to list all spells.
You feel a surge of power!
You conjure some foxfire!
The foxfire hits the iron imp.
The iron imp completely resists.
Casting: Foxfire (safe; 3% risk of failure)
Confirm with . or Enter, or press ? or * to list all spells.
You miscast Scorch.
You are very lightly contaminated with residual magic.
Nothing appears to happen.
The iron imp barely misses you. 😎 MP[-2]
You lost 2 mp, and now have 3/9 mp.
Casting: Scorch (safe; 4% risk of failure)
Confirm with . or Enter, or press ? or * to list all spells.
Flames lash the iron imp.
The iron imp completely resists.
The iron imp barely misses you. 😎 MP[-2]
You lost 2 mp, and now have 1/9 mp.
Casting: Scorch (safe; 4% risk of failure)
Confirm with . or Enter, or press ? or * to list all spells.
You don't have enough magic to cast this spell.
You closely miss the iron imp. You claw the iron imp.
The iron imp closely misses you.
You closely miss the iron imp. You claw the iron imp.
The iron imp hits you! 😮 HP[-7]
You take 7 damage, and now have 17/24 hp.
MASSIVE DAMAGE!! (PAUSE)
You hit the iron imp but do no damage.
You claw the iron imp, but do no damage.
The iron imp hits you.
Your magical contamination has completely faded away. 😮 MP[+1] It was a potion of invisibility.
You fade into invisibility! 😮 HP[+1]
You hit the iron imp but do no damage. Your peck misses the iron imp.
The iron imp barely misses you.
You barely miss the iron imp.
You peck the iron imp, but do no damage.
The iron imp hits you!
* * * LOW HITPOINT WARNING * * *
😨 HP[-8]
You take 8 damage, and now have 10/24 hp.
MASSIVE DAMAGE!! (PAUSE) It was a potion of curing.
You feel better. The iron imp misses you. 😮 HP[+8]
You regained 8 hp, and now have 18/24 hp.
It was a potion of degeneration.
There was something very wrong with that liquid.
You feel weakened.
You feel dopey.
You feel clumsy. The iron imp barely misses you.
It was a potion of haste.
You feel yourself speed up. The iron imp closely misses you.
You barely miss the iron imp. You claw the iron imp!
Your peck misses the iron imp. 😮 MP[+1]
You closely miss the iron imp. You claw the iron imp. You peck the iron imp.
You hit the iron imp but do no damage.
You peck the iron imp, but do no damage.
You flicker for a moment.
The iron imp barely misses you. 😕 HP[+1]
You hit the iron imp but do no damage.
You claw the iron imp, but do no damage.
You peck the iron imp, but do no damage.
The iron imp barely misses you.
You barely miss the iron imp. Your kick misses the iron imp.
You barely miss the iron imp. The iron imp hits you. 😮 HP[-5]
You take 5 damage, and now have 14/24 hp.
MASSIVE DAMAGE!! (PAUSE)
Casting: Scorch (safe; 4% risk of failure)
Confirm with . or Enter, or press ? or * to list all spells.
Flames lash the iron imp.
The iron imp completely resists.
The iron imp hits you!
* * * LOW HITPOINT WARNING * * *
😨 HP[-6] MP[-2]
You take 6 damage, and now have 8/24 hp.
MASSIVE DAMAGE!! (PAUSE)
You lost 2 mp, and now have 1/9 mp.
Casting: Scorch (safe; 4% risk of failure)
Confirm with . or Enter, or press ? or * to list all spells.
You don't have enough magic to cast this spell.
Casting: Scorch (safe; 4% risk of failure)
Confirm with . or Enter, or press ? or * to list all spells.
You feel a surge of power!
You conjure some foxfire!
You flicker back into view.
The foxfire hits the iron imp but does no damage.
The foxfire hits the iron imp.
The iron imp completely resists.
You hit the iron imp but do no damage. Your kick misses the iron imp.
Casting: Foxfire (safe; 3% risk of failure)
Confirm with . or Enter, or press ? or * to list all spells.
You feel a surge of power!
You conjure some foxfire!
The iron imp hits you!
You die...

Skill      XL: |  1  2  3 |
---------------+----------+-----
Conjurations   | 2 3 |  3.6
Fire Magic     | 4 |  4.3
Dodging        | |  2.1
Stealth        | |  2.0
Spellcasting   | |  2.5

Action                   |  1- 3 |  4- 6 || total
-------------------------+-------+-------++-------
Melee: Staff             |     1 |    12 ||    13
       Unarmed           |     1 |       ||     1
       Kick              |       |     6 ||     6
       Peck              |       |     4 ||     4
 Cast: Foxfire           |    56 |    20 ||    76
       Scorch            |     8 |     6 ||    14
  Use: Potion            |     2 |     4 ||     6
       Scroll            |     1 |       ||     1
Armor: Robe              |     3 |       ||     3
Dodge: Dodged            |    16 |    12 ||    28

Levels and vault maps discovered:
D:1:      dpeg_cavernosity, layout_loops_ring, minmay_pentomino_p2
D:2:      layout_loops_ring, ebering_ecumenical_altar_sacrificial,
          grunt_decor_junction, minmay_crystal_water
D:3:      layout_loops_cross, grunt_temple_overflow_open, slow_altar_1,
          minmay_distorted

Notes
Turn   | Place    | Note
-------+----------+-------------------------------------------
     0 | D:1      | kae the Tengu Fire Elementalist began the quest for the
                  | Orb.
     0 | D:1      | Reached XP level 1. HP: 10/10 MP: 4/4
     0 | D:1      | magus.rc [v1.11.3]
   409 | D:1      | Reached skill level 2 in Conjurations
   409 | D:1      | Reached XP level 2. HP: 10/15 MP: 3/6
   472 | D:1      | Learned a level 2 spell: Scorch
   488 | D:1      | Gained mutation: You have an increased reservoir of magic.
                  | (+10% MP) [potion of mutation]
   488 | D:1      | Gained mutation: You are clumsy. (Dex -2) [potion of
                  | mutation]
   972 | D:2      | Found a faded altar of an unknown god.
   999 | D:2      | Reached XP level 3. HP: 19/19 MP: 2/8
  1178 | D:2      | Reached skill level 4 in Fire Magic
  1387 | D:2      | You pick up a book of Decay and begin reading...
  1387 | D:2      | You add the spells Cigotuvi's Dreadful Rot, Dispel Undead
                  | and Death Channel to your library.
  1533 | D:2      | Reached skill level 3 in Conjurations
  1764 | D:2      | Reached XP level 4. HP: 24/24 MP: 6/9
  1807 | D:2      | Learned a level 3 spell: Inner Flame
  2129 | D:3      | Found a shadowy altar of Dithmenos.
  2131 | D:3      | Found an ornate altar of the Wu Jian Council.
  2185 | D:3      | You pick up a book of Frost and begin reading...
  2185 | D:3      | You add the spells Freeze, Frozen Ramparts and Hailstorm to
                  | your library.
  2375 | D:3      | Found a snail-covered altar of Cheibriados.
  2416 | D:3      | Slain by an iron imp

Vanquished Creatures
  4 adders
  2 dart slugs
  5 endoplasms
  2 giant cockroaches (D:1)
  4 goblins
  4 hobgoblins
  2 quokkas
  8 ball pythons
  A bat (D:1)
  3 frilled lizards
  3 kobolds
  5 rats
43 creatures vanquished.

Vanquished Creatures (others)
  110 foxfires
110 creatures vanquished.

Grand Total: 153 creatures vanquished

Table legend:
 A = Non-vault XP
 B = Vault XP
 C = Vault XP percentage of total XP
 D = Non-vault monster count
 E = Vault monster count
 F = Vault count percentage of total count
                 A         B        C        D         E       F
            +---------+---------+-------+---------+---------+-------
      Total |     107 |      13 |  10.8 |      34 |       9 |  20.9
            +---------+---------+-------+---------+---------+-------
        D:1 |      23 |       7 |  23.3 |      13 |       6 |  31.6
        D:2 |      59 |       0 |   0.0 |      14 |       0 |   0.0
        D:3 |      25 |       6 |  19.4 |       7 |       3 |  30.0
            +---------+---------+-------+---------+---------+-------

Illustrated notes

Table legend:
 A = Kills in this place as a percentage of kills in entire the game.
 B = Kills by you in this place as a percentage of kills by you in the entire game.
 C = Kills by friends in this place as a percentage of kills by friends in the entire game.
 D = Other kills in this place as a percentage of other kills in the entire game.
 E = Experience gained in this place as a percentage of experience gained in the entire game.
 F = Experience gained in this place divided by the number of levels of this place that you have seen.
                   A       B       C       D       E      F
               +-------+-------+-------+-------+-------+----------------------
         Total | 100.0 | 100.0 |   N/A |   N/A | 100.0 |  40.0
       Dungeon | 100.0 | 100.0 |   N/A |   N/A | 100.0 |  40.0
               +-------+-------+-------+-------+-------+----------------------

Table legend: (Time is in decaauts)
 A = Elapsed time spent in this place.
 B = Non-inter-level travel time spent in this place.
 C = Inter-level travel time spent in this place.
 D = Time resting spent in this place.
 E = Time spent auto-exploring this place.
 F = Levels seen in this place.
 G = Mean time per level.
                   A        B        C        D        E       F      G
               +--------+--------+--------+--------+--------+-----+--------+
         Total |   2416 |   2334 |     82 |     20 |   2019 |   3 |  805.3 |
       Dungeon |   2416 |   2334 |     82 |     20 |   2019 |   3 |  805.3 |
               +--------+--------+--------+--------+--------+-----+--------+

Top non-repeatable levels by time:
     D:1: 1044 daAuts
     D:2: 791 daAuts
     D:3: 580 daAuts
